Map: Cyber Forest LE

Players

Mez - Winner!

  • Race: Terran Terran
  • League: Master
  • Spawn Location: 5:00

Senya

  • Race: Zerg Zerg
  • League: Master
  • Spawn Location: 11:00

VOD

Have the link to the VOD?

Description

Time

  • Played on: Aug. 12, 2019, 8:46 a.m.
  • Length: 26:00
Show
View Real Time Build Order
Export as new Build Order

Mez Terran - Winner!

Build Orders: Liberator Opening, Reaper Expand 

Get SALT Encoding   

  12  0:00  SCV  
  13  0:12  SCV  
  14  0:17  Supply Depot  
  14  0:25  SCV  
  15  0:38  SCV  
  15  0:40  Barracks  
  16  0:44  Refinery  
  16  0:51  SCV  
  17  1:03  SCV  
  18  1:15  SCV  
  19  1:28  Reaper, Orbital Command  
  20  1:43  Command Center  
  20  1:51  Supply Depot  
  20  1:54  SCV  
  20  2:00  Marine  
  22  2:06  SCV  
  23  2:14  Factory  
  23  2:17  Refinery  
  23  2:19  SCV  
  24  2:33  SCV  
  24  2:35  Barracks Reactor  
  25  2:45  SCV  
  26  2:56  Orbital Command  
  27  2:58  SCV  
  27  3:02  Starport  
  27  3:10  SCV  
  28  3:15  Hellion  
  28  3:16  Hellion  
  28  3:19  Barracks Tech Lab  
  32  3:22  SCV, Supply Depot, Liberator  
  32  3:25  SCV  
  34  3:34  SCV  
  34  3:38  Hellion x2, SCV  
  43  3:43  Stimpack  
  43  3:46  SCV  
  44  3:50  SCV, Marine  
  44  3:54  Supply Depot  
  46  3:59  SCV  
  46  4:02  Hellion x2, SCV  
  52  4:09  Marine  
  53  4:11  SCV  
  53  4:16  SCV  
  55  4:29  SCV  
  55  4:30  SCV  
  57  4:32  Command Center  
  57  4:39  Supply Depot  
  57  4:41  Barracks  
  57  4:42  Starport Reactor  
  57  4:44  Barracks  
  57  4:48  SCV x2, Factory Reactor  
  59  4:53  Engineering Bay  
  59  4:54  Engineering Bay  
  59  4:55  Marine  
  59  4:58  Refinery  
  59  4:59  Refinery  
  58  5:08  SCV x2  
  60  5:14  Marine  
  61  5:26  Medivac x2  
  61  5:28  Terran Infantry Armor Level 1, Terran Infantry Weapons Level 1  
  65  5:32  Marine  
  65  5:33  Factory Reactor  
  66  5:40  Marine x2  
  66  5:42  Barracks  
  68  5:44  Combat Shield  
  68  5:45  Marine x2, Barracks  
  67  5:50  SCV x2, Marine  
  67  5:54  Orbital Command  
  70  5:58  Marine x2  
  72  6:05  SCV x2, Armory  
  72  6:07  Marine x2  
  72  6:08  Marine  
  77  6:11  Widow Mine  
  77  6:12  Widow Mine  
  77  6:16  Marine x2  
  83  6:29  Supply Depot  
  83  6:36  Marine x2, Supply Depot  
  85  6:42  Marine x2  
  75  6:53  Marine x2  
  75  6:54  Marine, Orbital Command  
  73  6:55  Barracks Reactor x2  
  73  6:56  Widow Mine x2, SCV, Medivac x2  
  73  6:57  SCV  
  82  7:09  SCV x2  
  82  7:15  Marine x5, Supply Depot  
  87  7:17  Widow Mine  
  87  7:18  Widow Mine  
  87  7:21  SCV x2, Supply Depot  
  87  7:22  Supply Depot  
  95  7:23  SCV  
  95  7:25  Supply Depot  
  95  7:28  Medivac  
  98  7:33  Marine x3  
  101  7:37  SCV x2, Marine x2  
  102  7:44  Marine x4  
  102  7:46  Widow Mine x2, SCV  
  102  7:49  SCV  
  102  7:50  Marine  
  102  7:51  Marine x2, Terran Infantry Weapons Level 2  
  115  7:52  Factory  
  115  7:53  Supply Depot  
  115  7:55  Marine  
  115  7:56  Terran Infantry Armor Level 2  
  116  8:29  Marine x4  
  116  8:30  Marine x5  
  116  8:31  Widow Mine x2, SCV x3  
  132  8:34  Supply Depot  
  132  8:35  Medivac x2  
  132  8:36  Supply Depot  
  132  8:37  Terran Vehicle And Ship Armor Level 1  
  132  8:38  Factory Tech Lab  
  136  8:44  Command Center  
  136  8:47  Marine x2  
  133  8:56  Marine x6  
  133  8:58  Widow Mine x2, Siege Tank  
  133  8:59  SCV x2  
  148  9:07  Marine x3  
  150  9:12  SCV x2  
  150  9:13  Marine, Drilling Claws  
  150  9:14  Marine x3  
  156  9:21  Widow Mine x2, Medivac  
  156  9:22  Medivac  
  157  9:32  Supply Depot  
  157  9:33  Supply Depot  
  157  9:35  SCV x2, Marine x8  
  157  9:36  SCV  
  157  9:37  Refinery x2, Supply Depot  
  168  9:47  SCV  
  169  9:56  Marine  
  169  9:57  Marine x8  
  178  10:03  Widow Mine x3  
  174  10:14  Marine x3  
  174  10:19  Marine x6  
  183  10:22  Terran Infantry Weapons Level 3  
  183  10:23  Terran Infantry Armor Level 3  
  183  10:24  Widow Mine x3  
  189  10:32  Marine  
  190  10:45  Marine  
  190  10:46  Marine x3  
  190  10:49  Marine x4  
  198  10:50  Marine  
  198  10:52  Planetary Fortress  
  198  10:53  SCV  
  198  10:56  Barracks  
  200  10:57  Barracks  
  200  10:58  Barracks  
  149  11:36  SCV  
  149  11:37  SCV x2  
  151  11:44  Marine  
  151  11:45  Marine x2  
  151  11:46  Widow Mine x2, Siege Tank, Marine x6  
  167  11:48  SCV  
  167  11:49  SCV, Barracks Tech Lab  
  167  11:50  Barracks Tech Lab  
  167  11:52  Barracks Tech Lab  
  146  12:02  Marine x2  
  146  12:03  Marine  
  146  12:04  Marine x2  
  146  12:06  Marine x3  
  146  12:07  Marine x2  
  146  12:08  Widow Mine x2  
  155  12:17  Command Center x2  
  155  12:20  Marine x3  
  155  12:22  Marine  
  159  12:28  Concussive Shells  
  159  12:29  Marine x2, Marauder x3  
  168  12:30  Marine x2, Marauder  
  168  12:31  Fusion Core  
  168  12:33  Starport  
  171  12:44  Supply Depot  
  171  12:45  Refinery  
  171  12:46  Refinery  
  171  12:48  Marine x8  
  171  12:50  Marine x3  
  171  12:51  Widow Mine x2, Siege Tank  
  183  13:18  Marine x7  
  183  13:19  Marauder x4  
  198  13:35  Marine x2  
  198  13:38  Orbital Command  
  198  13:41  Command Center  
  200  13:43  Starport Tech Lab  
  200  13:45  Starport  
  200  13:47  Starport  
  171  13:57  Medivac  
  171  13:58  Medivac  
  167  14:08  Medivac  
  167  14:16  Marine  
  162  14:27  Medivac  
  162  14:28  Starport Reactor, Medivac  
  162  14:29  Starport Reactor  
  124  14:38  Medivac  
  166  14:42  Marine x5  
  166  14:43  Marine x5  
  166  14:44  Marine x2  
  159  14:57  Medivac x2  
  123  15:00  Marine x6  
  123  15:05  Marine x4  
  123  15:06  Marine x2  
  131  15:07  Siege Tank  
  131  15:08  Medivac, Liberator x4  
  131  15:09  Orbital Command  
  131  15:10  Liberator  
  133  15:18  Marine x6  
  138  15:24  Marine, Marauder x4  
  153  15:31  Widow Mine x2  
  151  15:38  Marine  
  151  15:39  Siege Tank  
  128  15:45  Marauder x2  
  128  15:47  Marine x4, Marauder x2  
  130  15:52  Widow Mine  
  130  15:53  Marine  
  130  15:54  Marine x2  
  131  16:02  Command Center  
  131  16:06  Liberator x2  
  131  16:07  Liberator x2  
  131  16:11  Siege Tank  
  142  16:31  Liberator  
  139  16:37  Marine, Marauder x2  
  143  16:44  Liberator  
  134  17:09  Liberator x2  
  129  17:17  Supply Depot  
  133  17:57  Marine x2  
  133  17:58  Marine, Marauder x3  
  137  18:03  SCV  
  137  18:04  SCV  
  139  18:19  Widow Mine x2  
  143  18:33  Planetary Fortress  
  143  18:46  SCV x2  
  143  18:47  SCV  
  145  18:58  SCV  
  145  18:59  SCV x2  
  148  19:10  SCV, Marine x3, Marauder x4  
  160  19:34  Cyclone  
  160  19:38  Marine x4, Marauder  
  152  19:40  Widow Mine x2  
  152  19:43  Liberator x5  
  156  20:01  Widow Mine  
  156  20:06  Cyclone, Refinery  
  176  20:32  Marine x3, Marauder x3  
  176  20:33  Widow Mine x2  
  189  20:39  Widow Mine  
  191  20:57  Medivac x3  
  194  21:20  Planetary Fortress  
  192  21:42  Refinery  
  192  21:44  Hi-Sec Auto Tracking, Refinery, Neosteel Armor  
  192  21:45  Terran Ship Weapons Level 1  
  192  21:50  Ghost Academy  
  189  22:01  Command Center  
  189  22:30  Ghost x2  
  189  22:31  Ghost x2  
  189  22:34  Nuke  
  194  22:58  Liberator x2  
  183  23:10  Command Center  
  183  23:12  Widow Mine x2  
  189  23:13  Widow Mine  
  189  23:16  Personal Cloaking  
  195  23:22  Command Center  
  195  23:34  Liberator  
  195  23:46  Planetary Fortress  
  198  24:01  Widow Mine  
  198  24:08  Liberator x2  
  198  24:09  Missile Turret x2  
  188  24:10  Missile Turret  
  172  24:22  Missile Turret  
  161  24:25  Missile Turret  
  161  24:26  Missile Turret  
  161  24:27  Missile Turret, Liberator  
  161  24:28  Missile Turret x2, Marine x9  
  161  24:30  Missile Turret  
  176  24:35  Missile Turret  
  179  24:48  Refinery  
  179  25:19  Orbital Command  
Show
View Real Time Build Order
Export as new Build Order

Senya Zerg 

Build Orders: Hatch First 

Get SALT Encoding   

  12  0:00  Drone  
  13  0:14  Overlord  
  13  0:17  Drone  
  14  0:33  Drone x2  
  16  0:49  Hatchery  
  15  0:52  Drone  
  15  0:55  Drone  
  17  0:58  Drone  
  18  1:09  Extractor  
  17  1:14  Spawning Pool  
  17  1:17  Drone  
  17  1:20  Drone  
  18  1:30  Drone  
  19  1:41  Drone  
  20  1:51  Drone  
  21  2:01  Queen x2  
  21  2:02  Zergling x4  
  27  2:17  Hatchery  
  26  2:23  Overlord  
  26  2:31  Metabolic Boost  
  26  2:33  Drone x2  
  28  2:42  Drone x3  
  31  2:51  Queen  
  31  2:55  Overlord  
  33  2:59  Drone  
  34  3:06  Pneumatized Carapace  
  34  3:10  Drone x2  
  36  3:14  Drone  
  36  3:15  Drone x2  
  36  3:19  Overlord  
  39  3:25  Drone x2  
  41  3:30  Queen  
  43  3:35  Queen  
  45  3:42  Drone  
  45  3:43  Drone  
  45  3:46  Drone x3  
  50  3:51  Drone x2  
  50  3:52  Overlord  
  50  3:54  Drone  
  53  3:59  Drone x2  
  55  4:03  Overlord  
  55  4:06  Queen  
  55  4:09  Overlord  
  57  4:14  Queen  
  59  4:22  Baneling Nest  
  58  4:25  Extractor  
  58  4:27  Zergling x10, Spine Crawler  
  61  4:34  Zergling x10  
  66  4:48  Zergling x8  
  70  4:53  Overlord x2  
  70  4:54  Zergling x2  
  70  4:55  Zergling x8  
  72  5:10  Zergling x6  
  72  5:11  Zergling x8  
  76  5:14  Spore Crawler  
  76  5:16  Spore Crawler  
  76  5:20  Zergling x8  
  78  5:27  Drone x2  
  79  5:31  Drone  
  79  5:33  Drone  
  79  5:44  Queen  
  81  5:51  Drone x2  
  81  5:53  Drone  
  84  5:57  Overlord  
  84  6:05  Lair  
  84  6:06  Drone x3  
  86  6:17  Drone x3  
  89  6:19  Drone x3  
  92  6:27  Drone  
  92  6:31  Queen  
  82  6:51  Zergling x4  
  80  6:56  Drone x3  
  80  6:57  Drone x7  
  80  6:58  Evolution Chamber x2  
  88  7:03  Centrifical Hooks  
  88  7:05  Drone  
  88  7:06  Drone x6  
  95  7:08  Drone  
  95  7:11  Extractor  
  95  7:14  Drone  
  96  7:16  Extractor  
  96  7:17  Extractor  
  96  7:19  Drone, Hatchery  
  96  7:20  Drone, Hatchery  
  96  7:21  Hydralisk Den  
  93  7:30  Zerg Ground Armor Level 1  
  93  7:31  Zerg Melee Weapons Level 1  
  93  7:35  Overseer x2  
  91  7:52  Grooved Spines, Zergling x2  
  91  7:53  Zergling x26  
  91  7:55  Overlord x2  
  105  8:00  Overlord x2  
  105  8:09  Overlord x3  
  105  8:10  Overseer  
  105  8:14  Hydralisk  
  105  8:16  Zergling x2  
  105  8:17  Zergling x4  
  110  8:26  Zergling x8  
  101  8:29  Zergling x4  
  101  8:33  Queen  
  105  8:36  Baneling x6  
  105  8:40  Zergling x2  
  105  8:41  Zergling x12  
  112  8:46  Zergling x2  
  112  8:47  Zergling x6  
  106  8:56  Zergling x2  
  106  8:57  Zergling x8  
  106  9:02  Zergling x10  
  116  9:03  Muscular Augments  
  116  9:12  Zergling x8  
  111  9:26  Zerg Ground Armor Level 2  
  111  9:27  Zerg Melee Weapons Level 2  
  111  9:30  Hydralisk x10  
  111  9:31  Infestation Pit, Hydralisk, Extractor  
  131  9:34  Drone x2  
  131  9:35  Overseer x2  
  134  9:38  Drone  
  134  9:42  Drone x2  
  134  9:43  Drone x2  
  138  9:48  Queen  
  138  10:00  Drone  
  138  10:02  Drone x2  
  138  10:03  Overlord x2  
  141  10:07  Overlord  
  141  10:08  Overlord x6  
  139  10:15  Overseer x2  
  139  10:22  Overlord x2  
  139  10:23  Overlord  
  139  10:33  Drone x2  
  139  10:34  Drone x12  
  143  10:39  Hydralisk x3  
  149  10:47  Baneling  
  149  10:48  Baneling x14  
  149  10:50  Drone  
  149  10:56  Spore Crawler  
  149  11:01  Spore Crawler, Extractor  
  149  11:02  Hive  
  138  11:15  Zergling x2  
  138  11:16  Zergling x30  
  146  11:28  Zergling x20  
  154  11:39  Baneling  
  154  11:40  Baneling x15  
  154  11:44  Zergling x10  
  159  11:47  Zergling x2  
  130  12:04  Hatchery  
  130  12:05  Zergling x22  
  130  12:06  Zergling x6  
  139  12:10  Queen  
  139  12:11  Queen  
  139  12:15  Zergling x6  
  144  12:16  Zergling x2  
  144  12:17  Zergling x2  
  144  12:18  Zergling x4  
  144  12:20  Zergling x2  
  151  12:30  Zerg Ground Armor Level 3  
  151  12:31  Zerg Melee Weapons Level 3  
  151  12:32  Adrenal Glands  
  151  12:36  Ultralisk Cavern  
  145  12:44  Baneling  
  145  12:45  Baneling x14  
  145  12:46  Overseer x3  
  145  12:47  Overseer  
  140  13:07  Hydralisk x10  
  140  13:08  Hydralisk  
  157  13:19  Drone  
  161  13:20  Drone x9  
  167  13:34  Hydralisk  
  167  13:35  Hydralisk x7  
  167  13:37  Zergling x4  
  167  13:40  Chitinous Plating  
  185  13:48  Ultralisk  
  175  13:57  Zergling x2  
  175  13:58  Zergling x22  
  181  14:07  Zergling x2  
  181  14:08  Zergling x18  
  184  14:11  Zergling x4  
  170  14:18  Ultralisk  
  171  14:24  Ultralisk  
  171  14:26  Zergling x6  
  171  14:29  Baneling  
  171  14:30  Baneling x6  
  180  14:33  Zergling x6  
  182  14:38  Baneling  
  182  14:39  Baneling x8  
  182  14:44  Zergling x8  
  185  14:49  Zergling x4  
  185  14:50  Zergling x6  
  160  15:01  Ultralisk  
  160  15:06  Ultralisk  
  168  15:20  Zergling x2  
  172  15:21  Zergling x16  
  172  15:22  Hatchery  
  159  15:37  Ultralisk x2  
  165  15:47  Hydralisk x4  
  167  15:54  Zergling x2  
  167  15:55  Zergling x10  
  171  16:09  Ultralisk  
  177  16:17  Zergling x18  
  186  16:22  Zergling x6  
  188  16:30  Baneling  
  188  16:31  Baneling x12  
  174  16:45  Zergling x20  
  157  16:51  Drone x3  
  135  17:05  Drone x4  
  139  17:13  Drone x3  
  139  17:26  Drone x4  
  143  17:34  Drone x2  
  143  17:35  Drone  
  135  18:00  Drone x2  
  135  18:04  Ultralisk x2  
  143  18:14  Hatchery  
  143  18:15  Ultralisk  
  143  18:17  Zergling x8  
  143  18:18  Zergling x4  
  154  18:25  Ultralisk  
  158  18:33  Ultralisk  
  160  18:42  Drone x3  
  160  18:43  Drone  
  163  18:49  Ultralisk x2  
  175  19:02  Overlord x3  
  175  19:05  Ultralisk  
  175  19:07  Zergling x2  
  182  19:12  Baneling  
  182  19:13  Baneling x4  
  182  19:21  Extractor  
  182  19:22  Extractor  
  180  19:25  Queen  
  170  19:41  Drone  
  170  19:42  Spire, Drone x4  
  171  20:07  Overseer  
  171  20:11  Hydralisk  
  171  20:12  Hydralisk x4  
  179  20:16  Spore Crawler  
  177  20:22  Hydralisk  
  177  20:23  Hydralisk  
  177  20:25  Drone x7  
  177  20:26  Drone x2  
  190  20:40  Drone  
  190  20:41  Drone x8  
  193  21:03  Spore Crawler  
  193  21:04  Hydralisk x3, Spore Crawler  
  191  21:06  Zerg Flyer Weapons Level 1  
  197  21:12  Hatchery  
  196  21:18  Corruptor  
  198  21:43  Hatchery  
  198  21:44  Corruptor  
  199  21:55  Corruptor x2  
  199  22:04  Spore Crawler  
  198  22:21  Corruptor  
  200  22:35  Pathogen Glands  
  200  22:39  Overlord, Extractor  
  200  22:40  Drone  
  200  22:53  Corruptor  
  151  23:00  Ultralisk  
  151  23:02  Zergling x22  
  151  23:03  Zergling x24  
  151  23:04  Zergling x8  
  151  23:05  Zergling x30  
  168  23:07  Zergling x2  
  175  23:28  Corruptor x2  
  175  23:29  Corruptor x2  
  183  23:37  Corruptor  
  184  23:42  Extractor  
  184  23:43  Drone x3  
  184  23:44  Extractor  
  184  23:46  Corruptor  
  187  23:49  Extractor  
  187  23:50  Extractor  
  187  23:51  Corruptor  
  187  23:58  Corruptor  
  187  24:01  Zergling x4  
  187  24:02  Zergling x22  
  139  24:23  Ultralisk  
  131  24:25  Zergling x14  
  131  24:26  Zergling x14  
  139  24:37  Baneling  
  139  24:38  Baneling x10  
  139  24:39  Zergling x2  
  139  24:40  Zergling x10  
  145  24:47  Drone x3  
  145  24:48  Drone, Baneling  
  145  24:49  Baneling x6  
  149  24:53  Drone x3  
  149  24:58  Drone x3  
  155  25:17  Corruptor  
Tags
 
Add a new tag
Caveats
  • Supply blocks, unpowered buildings, or Contaminate may cause inaccurate times.
  • Supply counts are checked every 10 seconds.